 Dungeon Sprint DCSS version 0.17-a0-1718-g72dbe4d (webtiles) character file.

12300000 ztt the Conqueror (level 27, -52/323 HPs)
             Began as a Troll Wanderer on Aug 26, 2015.
             Was the Champion of Makhleb.
             Killed from afar by a scourge (84 damage)
             ... with a bolt of poison
             ... in the Dungeon (Sprint VIII: "Arena of Blood").
             The game lasted 00:02:56 (123 turns).

ztt the Conqueror (Troll Wanderer)                   Turns: 123, Time: 00:02:56

Health: -52/323    AC:  7    Str: 38    XL:     27
Magic:  41/53      EV: 19    Int:  8    God:    Makhleb [******]
Gold:   0          SH:  0    Dex:  8    Spells: 0 memorised, 80 levels left

rFire  . . .     SeeInvis +     k - +∞ Axe of Woe
rCold  . . .     Clarity  .     c - +0 robe
rNeg   . . .     SustAt   .     (no shield)
rPois  .         Gourm    +     (helmet restricted)
rElec  .         Spirit   .     (no cloak)
rCorr  .         Warding  .     (gloves unavailable)
rMut   .         NoTele   +     (boots unavailable)
MR     ++...                    (no amulet)
Stlth  ++++++....               (no ring)
                                l - ring of see invisible

@: lethally poisoned (-52 -> -106), slowed, very slow, very resistant to hostile
enchantments, very stealthy
A: unfitting armour, claws 3, fast metabolism 3, gourmand, regeneration 2,
shaggy fur 1, tough skin 2
a: Minor Destruction, Lesser Servant of Makhleb, Major Destruction, Greater
Servant of Makhleb, Renounce Religion


You were in the Dungeon.
You worshipped Makhleb.
Makhleb was exalted by your worship.
You were not hungry.

You visited 1 branch

Inventory:

Hand weapons
 a - a +2 mace
 k - the +∞ Axe of Woe (weapon)
   (You found it in the Dungeon)
Armour
 c - a +0 robe (worn)
Jewellery
 l - a ring of see invisible (left claw)
Scrolls
 b - a scroll of teleportation
 j - a scroll of blinking
Potions
 e - a potion of curing
 f - a potion of heal wounds
 g - a potion of haste
 h - 2 potions of magic
 i - a potion of berserk rage
Comestibles
 d - 2 bread rations


   Skills:
 O Level 27 Fighting
 O Level 27 Axes
 O Level 27 Maces & Flails
   Level 1.0 Bows
 O Level 27 Throwing
 O Level 27 Armour
 O Level 27 Dodging
 O Level 27 Stealth
   Level 1.0 Shields
 O Level 27 Unarmed Combat
 O Level 27 Spellcasting
 O Level 27 Invocations


You had 80 spell levels left.
You didn't know any spells.

Dungeon Overview and Level Annotations

Branches:
Dungeon (1/1)

Altars:
Makhleb


Innate Abilities, Weirdness & Mutations

You are too large for most types of armour.
You have claws for hands.
Your metabolism is lightning-fast.
You like to eat raw meat.
You heal very quickly.
You are covered in fur (AC +1).
You have very tough skin (AC +2).


Message History

The scourge is engulfed in poison gas.
The scourge looks even sicker.
You hear a shout! x3
The observer pulsates ominously.
The observer gazes at you. Something smites you!
The accursed gestures at you while chanting.
Something smites you!
The fleshlord gestures at you while chanting.
You feel as though you will be slow longer.
You hear a shout! x2
The scourge is engulfed in roaring flames.
The scourge throws poison arrow at you. The poison arrow hits you!
You are more poisoned.
* * * LOW HITPOINT WARNING * * *
The scourge throws poison at you.
The bolt of poison hits the meat berserker.
The bolt of poison hits you!
You are lethally poisoned!
You die...

..)))..#........D...#.o
..).).L................
..)))......#.o.#.M....##.
.))......X#...M#.....##..
..oO....##.V..S#.G...#...
.).)...#X.)..)#).M.##....
..)....#..%###))).#......
#.)........).).O#§p..§...
....)))...%.%..)@§S§§..#
.#)....####..§§§§§§.####
..)).....#....§§§####
..))))........####
...))).....####
############


You could see 3 accurseds, a destroyer (wandering), an observer (invisible), 2
scourges, a fleshlord, a meat berserker (berserk) and a bag of meat.

Vanquished Creatures
  7 hell beasts (D)
  4 greater mummies (D)
  2 great orbs of eyes (D)
  A wraith (D)
  8 vampire knights (D)
  26 ogres (D)
  4 liches (D)
  3 hydras (D)
  57 orcs (D)
  4 phantoms (D)
  6 hill giants (D)
  5 skeletal warriors (D)
  2 sea snakes (D)
  2 large abominations (D)
  8 small abominations (D)
  5 crawling corpses (D)
144 creatures vanquished.

Vanquished Creatures (others)
  4 crawling corpses (D)
4 creatures vanquished.

Grand Total: 148 creatures vanquished

Notes
Turn   | Place    | Note
--------------------------------------------------------------
     0 | D        | ztt the Troll Wanderer began the quest for the Orb.
     0 | D        | ztt set off with: a +2 mace, a scroll of teleportation, a +0 robe, 2 bread rations, a potion of curing, a potion of heal wounds, a potion of haste, 2 potions of magic, a potion of berserk rage, a scroll of blinking
     0 | D        | Reached XP level 1. HP: 22/22 MP: 0/0
     3 | D        | Noticed a bag of meat
     4 | D        | Became a worshipper of Makhleb the Destroyer
     5 | D        | Noticed a bag of meat
     6 | D        | Noticed a bag of meat
     6 | D        | Noticed a meat berserker
     7 | D        | Noticed a meat berserker
     7 | D        | Noticed a bag of meat
     7 | D        | Noticed a bag of meat
     8 | D        | Noticed a bag of meat
     8 | D        | Noticed a bag of meat
     9 | D        | Noticed a bag of meat
     9 | D        | Noticed a bag of meat
     9 | D        | Noticed a bag of meat
     9 | D        | Noticed a bag of meat
    10 | D        | Noticed a bag of meat
    10 | D        | Noticed a meat berserker
    10 | D        | Noticed a bag of meat
    11 | D        | Noticed a bag of meat
    11 | D        | Noticed a bag of meat
    11 | D        | Killed a meat berserker
    11 | D        | Reached skill level 22 in Fighting
    11 | D        | Reached XP level 2. HP: 25/71 MP: 1/1
    11 | D        | Reached XP level 3. HP: 27/79 MP: 2/2
    11 | D        | Reached XP level 4. HP: 30/89 MP: 3/3
    11 | D        | Reached XP level 5. HP: 32/97 MP: 4/4
    11 | D        | Reached XP level 6. HP: 35/107 MP: 5/5
    11 | D        | Reached XP level 7. HP: 38/117 MP: 6/6
    11 | D        | Reached XP level 8. HP: 40/126 MP: 7/7
    11 | D        | Reached XP level 9. HP: 42/135 MP: 8/8
    11 | D        | Reached XP level 10. HP: 44/144 MP: 9/9
    11 | D        | Reached XP level 11. HP: 46/153 MP: 10/10
    11 | D        | Reached XP level 12. HP: 48/162 MP: 11/11
    11 | D        | Reached XP level 13. HP: 50/171 MP: 12/12
    11 | D        | Killed a bag of meat
    11 | D        | Acquired Makhleb's first power
    11 | D        | Reached skill level 23 in Fighting
    11 | D        | Reached skill level 10 in Maces & Flails
    11 | D        | Killed a bag of meat
    11 | D        | Reached skill level 25 in Fighting
    11 | D        | Reached skill level 10 in Dodging
    11 | D        | Reached XP level 14. HP: 52/192 MP: 13/13
    11 | D        | Killed a meat berserker
    11 | D        | Acquired Makhleb's second power
    11 | D        | Reached skill level 27 in Fighting
    11 | D        | Reached skill level 5 in Throwing
    11 | D        | Reached XP level 15. HP: 54/206 MP: 14/14
    11 | D        | Killed a bag of meat
    12 | D        | Noticed a meat berserker
    12 | D        | Killed a bag of meat
    12 | D        | Acquired Makhleb's third power
    12 | D        | Reached skill level 15 in Maces & Flails
    12 | D        | Killed a bag of meat
    12 | D        | Reached skill level 15 in Dodging
    12 | D        | Reached XP level 16. HP: 204/217 MP: 15/15
    13 | D        | Noticed a bag of meat
    13 | D        | Killed a bag of meat
    14 | D        | Killed a bag of meat
    14 | D        | Acquired Makhleb's fourth power
    14 | D        | Killed a bag of meat
    14 | D        | Reached XP level 17. HP: 226/226 MP: 16/16
    15 | D        | Noticed a bag of meat
    15 | D        | Noticed a meat berserker
    15 | D        | Killed a bag of meat
    15 | D        | Reached skill level 10 in Throwing
    15 | D        | Killed a bag of meat
    15 | D        | Acquired Makhleb's fifth power
    17 | D        | Killed a bag of meat
    17 | D        | Killed a meat berserker
    17 | D        | Reached XP level 18. HP: 236/236 MP: 17/17
    18 | D        | Killed a bag of meat
    18 | D        | Killed a meat berserker
    18 | D        | Reached skill level 27 in Axes
    18 | D        | Reached XP level 19. HP: 245/245 MP: 18/18
    19 | D        | Noticed a meat berserker
    21 | D        | Noticed a destroyer
    22 | D        | Killed a destroyer
    22 | D        | Reached skill level 27 in Maces & Flails
    22 | D        | Reached skill level 27 in Dodging
    23 | D        | Killed a meat berserker
    23 | D        | Killed a bag of meat
    23 | D        | Reached XP level 20. HP: 256/256 MP: 19/19
    24 | D        | Noticed a meat berserker
    25 | D        | Noticed a bag of meat
    26 | D        | Noticed a meat berserker
    26 | D        | Noticed a meat berserker
    26 | D        | Killed a bag of meat
    26 | D        | Reached skill level 27 in Throwing
    27 | D        | Noticed a large bag of meat
    27 | D        | Noticed a meat berserker
    29 | D        | Killed a meat berserker
    30 | D        | Noticed a bag of meat
    30 | D        | Killed a meat berserker
    31 | D        | Noticed a bag of meat
    31 | D        | Noticed an eight-headed meat hydra
    32 | D        | Noticed a bag of meat
    32 | D        | Noticed a bag of meat
    32 | D        | Noticed a bag of meat
    33 | D        | Killed a meat berserker
    33 | D        | Reached skill level 15 in Unarmed Combat
    33 | D        | Reached skill level 10 in Spellcasting
    33 | D        | Reached XP level 21. HP: 265/265 MP: 19/34
    33 | D        | Killed a meat berserker
    33 | D        | Reached skill level 15 in Armour
    34 | D        | Noticed a large bag of meat
    35 | D        | Noticed a bag of meat
    36 | D        | Noticed a bag of meat
    36 | D        | Killed a bag of meat
    37 | D        | Noticed a bag of meat
    37 | D        | Noticed a bag of meat
    37 | D        | Killed a bag of meat
    37 | D        | Killed a bag of meat
    37 | D        | Reached skill level 15 in Stealth
    37 | D        | Reached XP level 22. HP: 275/275 MP: 20/38
    38 | D        | Noticed a sculptor of flesh
    38 | D        | Killed a sculptor of flesh
    39 | D        | Noticed a bag of meat
    39 | D        | Noticed a meat berserker
    39 | D        | Killed a large bag of meat
    39 | D        | Killed a nine-headed meat hydra
    40 | D        | Noticed a bag of meat
    40 | D        | Noticed a bag of meat
    40 | D        | Killed a bag of meat
    41 | D        | Noticed a bag of meat
    41 | D        | Noticed a sculptor of flesh
    41 | D        | Killed a bag of meat
    42 | D        | Noticed a sculptor of flesh
    42 | D        | Noticed a destroyer
    42 | D        | Killed a bag of meat
    43 | D        | Noticed a meat berserker
    43 | D        | Killed a bag of meat
    43 | D        | Reached skill level 27 in Stealth
    43 | D        | Reached XP level 23. HP: 284/284 MP: 21/39
    44 | D        | Noticed a bag of meat
    44 | D        | Noticed a bag of meat
    44 | D        | Killed a meat berserker
    44 | D        | Reached skill level 15 in Spellcasting
    45 | D        | Noticed a destroyer
    45 | D        | Killed a bag of meat
    46 | D        | Noticed a bag of meat
    48 | D        | Noticed a sculptor of flesh
    48 | D        | Noticed a destroyer
    48 | D        | Noticed a meat berserker
    48 | D        | Killed a destroyer
    48 | D        | Killed a bag of meat
    49 | D        | Killed a destroyer
    49 | D        | Reached XP level 24. HP: 295/295 MP: 22/45
    50 | D        | Noticed a tyrant
    50 | D        | Killed a bag of meat
    50 | D        | Reached skill level 27 in Unarmed Combat
    50 | D        | Killed a sculptor of flesh
    50 | D        | Killed a destroyer
    50 | D        | Reached skill level 27 in Invocations
    51 | D        | Killed a meat berserker
    51 | D        | Reached skill level 27 in Armour
    51 | D        | Reached XP level 25. HP: 304/304 MP: 23/50
    51 | D        | Killed a bag of meat
    52 | D        | Noticed an accursed
    52 | D        | Killed a bag of meat
    52 | D        | Killed a large bag of meat
    53 | D        | Killed a meat berserker
    53 | D        | Reached skill level 27 in Spellcasting
    53 | D        | Killed a bag of meat
    54 | D        | Killed a bag of meat
    54 | D        | Killed a bag of meat
    54 | D        | Killed a bag of meat
    55 | D        | Noticed a destroyer
    56 | D        | Killed a bag of meat
    56 | D        | Reached XP level 26. HP: 314/314 MP: 24/53
    58 | D        | Killed a sculptor of flesh
    58 | D        | Killed a sculptor of flesh
    59 | D        | Noticed a meat berserker
    60 | D        | Noticed a meat beast
    60 | D        | Killed a tyrant
    60 | D        | Killed a bag of meat
    61 | D        | Killed a destroyer
    61 | D        | Killed a meat berserker
    61 | D        | Reached XP level 27. HP: 323/323 MP: 25/53
    62 | D        | Noticed a meat beast
    63 | D        | Killed a meat beast
    64 | D        | Noticed an accursed
    65 | D        | Killed an accursed
    65 | D        | Killed a meat beast
    66 | D        | Noticed a meat berserker
    67 | D        | Noticed a meat berserker
    68 | D        | Noticed a meat berserker
    68 | D        | Noticed a meat beast
    69 | D        | Noticed a meat beast
    69 | D        | Killed a meat berserker
    70 | D        | Noticed a large bag of meat
    71 | D        | Killed a meat berserker
    71 | D        | Killed an accursed
    72 | D        | Killed a meat beast
    73 | D        | Killed a meat berserker
    74 | D        | Noticed a meat berserker
    74 | D        | Killed a meat beast
    75 | D        | Noticed a meat berserker
    76 | D        | Noticed a bag of meat
    77 | D        | Noticed a destroyer
    77 | D        | Noticed a tyrant
    77 | D        | Noticed a wretched soul
    77 | D        | Noticed a bag of meat
    77 | D        | Noticed a meat berserker
    78 | D        | Noticed a bag of meat
    78 | D        | Noticed a sculptor of flesh
    78 | D        | Noticed an accursed
    78 | D        | Noticed a meat beast
    78 | D        | Noticed a meat beast
    78 | D        | Killed a meat berserker
    79 | D        | Noticed a meat berserker
    79 | D        | Noticed a bag of meat
    79 | D        | Noticed a bag of meat
    79 | D        | Noticed a large bag of meat
    79 | D        | Noticed a meat berserker
    80 | D        | Noticed a bag of meat
    80 | D        | Noticed a bag of meat
    80 | D        | Noticed an accursed
    81 | D        | Killed a wretched soul
    82 | D        | Killed a meat beast
    85 | D        | Noticed a large bag of meat
    85 | D        | Noticed a wretched soul
    85 | D        | Killed a meat berserker
    86 | D        | Noticed a bag of meat
    86 | D        | Noticed a bag of meat
    86 | D        | Killed a meat berserker
    87 | D        | Noticed a bag of meat
    87 | D        | Noticed a bag of meat
    87 | D        | Noticed a wretched soul
    87 | D        | Killed a meat beast
    89 | D        | Noticed a meat berserker
    89 | D        | Noticed a meat berserker
    89 | D        | Killed a bag of meat
    89 | D        | Killed a bag of meat
    90 | D        | Killed a meat berserker
    90 | D        | Killed a destroyer
    90 | D        | Killed a bag of meat
    91 | D        | Noticed a bag of meat
    91 | D        | Killed a meat berserker
    91 | D        | Killed a bag of meat
    91 | D        | Killed a large bag of meat
    92 | D        | Noticed a bag of meat
    92 | D        | Noticed a tyrant
    92 | D        | Killed a large bag of meat
    93 | D        | Noticed a bag of meat
    93 | D        | Noticed a bag of meat
    93 | D        | Noticed an accursed
    94 | D        | Noticed a meat berserker
    94 | D        | Noticed a meat berserker
    94 | D        | Noticed a wretched soul
    94 | D        | Killed a bag of meat
    94 | D        | Killed a meat berserker
    95 | D        | Noticed a dread
    95 | D        | Killed a bag of meat
    95 | D        | Killed a meat berserker
    95 | D        | Killed a meat berserker
    96 | D        | Noticed a meat beast
    96 | D        | Killed a tyrant
    97 | D        | Noticed a bag of meat
    97 | D        | Noticed a bag of meat
    97 | D        | Noticed a destroyer
    97 | D        | Noticed a large bag of meat
    97 | D        | Noticed a bag of meat
    97 | D        | Noticed a bag of meat
    97 | D        | Noticed a bag of meat
    97 | D        | Noticed an observer
    98 | D        | Killed a bag of meat
    99 | D        | Noticed a bag of meat
    99 | D        | Killed a bag of meat
    99 | D        | Killed a wretched soul
    99 | D        | Killed a large bag of meat
    99 | D        | Killed a destroyer
   100 | D        | Killed a sculptor of flesh
   100 | D        | Killed a meat beast
   100 | D        | Killed a bag of meat
   101 | D        | Noticed a bag of meat
   101 | D        | Killed a bag of meat
   101 | D        | Killed a wretched soul
   101 | D        | Killed an observer
   102 | D        | Killed a bag of meat
   102 | D        | Killed a bag of meat
   102 | D        | Noticed an observer
   102 | D        | Noticed a tyrant
   103 | D        | Killed a wretched soul
   104 | D        | Killed a meat berserker
   104 | D        | Killed a bag of meat
   105 | D        | Killed a meat berserker
   105 | D        | Killed a bag of meat
   106 | D        | Noticed a bag of meat
   106 | D        | Killed a bag of meat
   107 | D        | Noticed a destroyer
   107 | D        | Killed a bag of meat
   107 | D        | Killed a bag of meat
   108 | D        | Killed a bag of meat
   109 | D        | Killed a large bag of meat
   109 | D        | Killed an observer
   109 | D        | Killed a destroyer
   110 | D        | Killed a bag of meat
   110 | D        | Killed a bag of meat
   110 | D        | Killed a bag of meat
   111 | D        | Killed a dread
   113 | D        | Killed an accursed
   113 | D        | Killed a tyrant
   114 | D        | Killed an accursed
   115 | D        | Killed a bag of meat
   116 | D        | Killed a bag of meat
   118 | D        | Killed a tyrant
   119 | D        | Noticed a meat berserker
   120 | D        | Killed a bag of meat
   121 | D        | Noticed an observer
   121 | D        | Killed a bag of meat
   122 | D        | Noticed a fleshlord
   122 | D        | Noticed a dread
   122 | D        | Noticed an accursed
   123 | D        | Noticed an accursed
   123 | D        | Noticed a bag of meat
   123 | D        | Killed from afar by a scourge

Vault maps used:
D:        meatsprint

Action                   |  1- 3 |  4- 6 |  7- 9 | 10-12 | 13-15 | 16-18 | 19-21 | 22-24 | 25-27 || total
-------------------------+-------+-------+-------+-------+-------+-------+-------+-------+-------++-------
Melee: Executioner's axe |     1 |       |       |       |     1 |     5 |     8 |    12 |    55 ||    82
 Stab: Distracted        |       |       |       |       |       |       |       |     1 |       ||     1
